 Dungeon Crawl Stone Soup version 0.16.2-12-gd0ad4c3 (webtiles) character file.

476 faibistes the Magician (level 6, 0/32 HPs)
             Began as a Deep Elf Wizard on Jan 14, 2019.
             Was an Initiate of Sif Muna.
             Killed by divine providence
             ... invoked by an orc priest
              (15 damage)
             ... on level 3 of the Dungeon.
             The game lasted 00:15:40 (5255 turns).

faibistes the Magician (Deep Elf Wizard)            Turns: 5255, Time: 00:15:40

Health: 0/32       AC:  2    Str:  4    XL:     6   Next: 84%
Magic:  19/23      EV: 14    Int: 25    God:    Sif Muna [......]
Gold:   189        SH:  0    Dex: 13    Spells: 6 memorised, 7 levels left

rFire  . . .     SeeInvis .     w - +0 dagger (venom)
rCold  . . .     Clarity  .     a - +0 robe
rNeg   . . .     SustAb   +     (no shield)
rPois  .         Gourm    +     b - +0 hat
rElec  .         Spirit   .     (no cloak)
rCorr  .         Warding  .     (no gloves)
rMut   .         Stasis   .     (no boots)
MR     .....                    A - amulet of the gourmand
Stlth  ++........               (no ring)
                                g - ring of sustain abilities

@: repel missiles, not resistant to hostile enchantments, unstealthy
A: no striking features
a: Renounce Religion


You were on level 3 of the Dungeon.
You worshipped Sif Muna.
Sif Muna was noncommittal.
You were very hungry.

You visited 1 branch of the dungeon, and saw 6 of its levels.
You also visited: Sewer.

You collected 189 gold pieces.

Inventory:

Hand weapons
 u - a +0 dagger of draining
 w - a +0 dagger of venom (weapon)
Armour
 a - a +0 robe (worn)
 b - a +0 hat (worn)
Jewellery
 g - a ring of sustain abilities (left hand)
 A - an amulet of the gourmand (around neck)
Scrolls
 n - a scroll of noise
 p - 3 scrolls of teleportation
 q - a scroll of blinking {unknown}
 t - a scroll of remove curse {unknown}
 x - a scroll of enchant armour {unknown}
 y - a scroll of enchant weapon {unknown}
 B - a scroll of random uselessness {unknown}
Potions
 e - a potion of mutation
 f - a potion of haste {unknown}
 h - a potion of might {unknown}
 i - 4 potions of ambrosia
 j - a potion of agility
 k - 4 potions of brilliance
 m - a potion of cancellation
 o - 2 potions of restore abilities
 s - a potion of curing {unknown}
 v - a potion of flight {unknown}
 z - a potion of poison {unknown}
Books
 c - a book of Minor Magic

   Spells                             Type                      Level
   a - Magic Dart                     Conjuration                  1
   b - Blink                          Translocation                2
   c - Call Imp                       Summoning                    2
   d - Repel Missiles                 Charms/Air                   2
   e - Slow                           Hexes                        2
   f - Conjure Flame                  Conjuration/Fire             3
   g - Mephitic Cloud                 Conjuration/Poison/Air       3
Comestibles
 d - 5 bread rations
 l - 3 meat rations
 r - a slice of pizza


   Skills:
 + Level 4.3 Dodging
 - Level 2.4 Stealth
 * Level 7.6 Spellcasting
 * Level 3.6 Conjurations
 - Level 1.1 Summonings
 - Level 3.1 Translocations
 * Level 0.0 Fire Magic
 * Level 0.2 Air Magic
 + Level 0.0 Poison Magic


You had 7 spell levels left.
You knew the following spells:

 Your Spells              Type           Power        Failure   Level  Hunger
a - Magic Dart            Conj           ####         1%          1    None
b - Conjure Flame         Conj/Fire      ###.....     12%         3    None
c - Call Imp              Summ           ###.....     8%          2    None
d - Blink                 Tloc           N/A          2%          2    None
e - Mephitic Cloud        Conj/Pois/Air  ###.....     12%         3    None
f - Repel Missiles        Chrm/Air       ##....       10%         2    None


Dungeon Overview and Level Annotations

Branches:
Dungeon (6/15)
 Temple: D:4-7

Altars:
Ashenzari
Dithmenos
Sif Muna


Message History

The orc hits you with a falchion.
Casting: Magic Dart
Confirm with . or Enter, or press ? or * to list all spells.
Aiming: Magic Dart
Press: ? - help, Shift-Dir - straight line, f/p - orc
Aim: an orc, wielding a falchion and wearing a leather armour (severely wounded)
The magic dart hits the orc.
You kill the orc!
The orc priest calls down the wrath of Beogh upon you.
Something smites you!
Casting: Magic Dart
Confirm with . or Enter, or press ? or * to list all spells.
Aiming: Magic Dart
Press: ? - help, Shift-Dir - straight line, f - orc
Aim: an orc The magic dart hits the orc.
The orc is heavily wounded.
The orc priest calls down the wrath of Beogh upon you.
Something smites you!
You die...

### #.# #...........
#.# #.....##.##. #.#
#..##.##.##.
#.#####..##.##.###
#..........>...#
####.####.....##
####.## #.....#
#.....# #.....#
#@##.## #.....#
#)#### #########
##o## #.......#
#.))## #.#####.#
#.#.#.####.#####.###
#.##oo......##.......
## #o#..##..##.##.###
#...#.##..## #.#
##.##.##.... ..#


You could see an orc priest and 3 orcs.

Vanquished Creatures
  An ogre (D:4)
  A scorpion (D:3)
  2 orc priests (D:3)
  Ijyb (D:3)
  The ghost of faibistes the Magician, a weakling DEWz (D:3)
  8 adders
  3 gnolls (D:3)
  A giant mite (D:3)
  3 worms
  4 giant geckos
  2 oozes
  9 orcs (D:3)
  11 bats
  2 giant cockroaches
  12 goblins
  9 hobgoblins
  7 jackals
  12 kobolds
  2 quokkas (D:3)
  3 ball pythons (Sewer)
  10 giant newts
  12 rats
  A plant (Sewer)
117 creatures vanquished.

Vanquished Creatures (collateral kills)
  A hound (D:4)
  A worm (D:3)
  2 orcs
4 creatures vanquished.

Grand Total: 121 creatures vanquished

Notes
Turn   | Place    | Note
--------------------------------------------------------------
     0 | D:1      | faibistes, the Deep Elf Wizard, began the quest for the Orb.
     0 | D:1      | Reached XP level 1. HP: 10/10 MP: 6/6
   149 | D:2      | Reached XP level 2. HP: 15/15 MP: 8/10
   153 | D:2      | Learned a level 2 spell: Blink
   156 | D:2      | Learned a level 2 spell: Call Imp
   226 | D:1      | Reached skill level 5 in Spellcasting
   815 | D:1      | Reached XP level 3. HP: 19/19 MP: 12/14
   820 | D:1      | Learned a level 3 spell: Conjure Flame
   824 | D:1      | Learned a level 3 spell: Mephitic Cloud
  1159 | D:2      | Learned a level 2 spell: Repel Missiles
  1432 | D:2      | Reached XP level 4. HP: 24/24 MP: 15/17
  1649 | D:2      | Reached skill level 6 in Spellcasting
  2123 | D:3      | Reached XP level 5. HP: 25/28 MP: 5/20
  2333 | D:4      | Found a shadowy altar of Dithmenos.
  2659 | D:4      | Found a glowing drain.
  2670 | D:4      | Noticed an ogre
  2676 | Sewer    | Entered a sewer
  3730 | D:5      | Entered Level 5 of the Dungeon
  3743 | D:4      | Killed an ogre
  3743 | D:4      | Reached XP level 6. HP: 32/32 MP: 14/22
  3823 | D:3      | Noticed faibistes' ghost (weakling DEWz)
  3850 | D:3      | Killed faibistes' ghost
  3850 | D:3      | Reached skill level 7 in Spellcasting
  4478 | D:3      | Noticed Ijyb
  4486 | D:3      | Killed Ijyb
  4612 | D:3      | Noticed a scorpion
  4642 | D:3      | Killed a scorpion
  5110 | D:3      | Found a shattered altar of Ashenzari.
  5118 | D:3      | Found a deep blue altar of Sif Muna.
  5122 | D:3      | Became a worshipper of Sif Muna the Loreminder
  5255 | D:3      | Killed from afar by an orc priest

Action                   |  1- 3 |  4- 6 || total
-------------------------+-------+-------++-------
Melee: Dagger            |    10 |    78 ||    88
 Cast: Magic Dart        |    62 |   179 ||   241
       Mephitic Cloud    |     2 |    12 ||    14
       Call Imp          |     1 |     7 ||     8
       Repel Missiles    |     1 |     1 ||     2
       Conjure Flame     |       |     7 ||     7
       Blink             |       |     4 ||     4
  Use: Scroll            |       |    11 ||    11
 Stab: Sleeping          |     2 |     2 ||     4
       Confused          |     1 |     2 ||     3
  Eat: Chunk             |     1 |    12 ||    13
